 Dungeon Crawl Stone Soup version 0.31-a0-636-ge1c0e020e0 (webtiles) character file.

Game seed: 14257654443443429173

29 Descartes the Sneak (level 3, -14/17 HPs)
             Began as a Felid Delver on Aug 26, 2023.
             Demolished by an ogre
             ... wielding a +0 giant club
              (31 damage)
             ... on level 5 of the Dungeon.
             The game lasted 00:00:57 (101 turns).

Descartes the Sneak (Felid Delver)                   Turns: 101, Time: 00:00:57

Health: -14/17     AC:  1    Str: 10    XL:     3   Next: 1%
Magic:  4/4        EV: 18    Int: 11    God:
Gold:   0          SH:  0    Dex: 17    Spells: 2/2 levels left
                                        Lives:  0   Deaths: 1

rFire   . .          .
                       - Unarmed
rCold   . . .        (shield unavailable)
rNeg    . . .        (body armour unavailable)
rPois   .            (helmet unavailable)
rElec   .            (cloak unavailable)
rCorr   .            (gloves unavailable)
SInv    +            (boots unavailable)
Will    .....        (no amulet)
Stlth   ++++         (no ring)
HPRegen 0.22/turn    (no ring)
MPRegen 0.09/turn

%: no passive effects
@: quick
A: very small, claws 1, fangs 3, see invisible, speed 1, shaggy fur 1, stealthy
paws, no weapons or thrown items, no armour, multi-lived
a: no special abilities


You were on level 5 of the Dungeon.
You visited 1 branch of the dungeon, and saw 1 of its levels.

Inventory:

Wands
 e - a wand of digging (3)
Scrolls
 a - a scroll of fog
 b - a scroll of revelation
 c - a scroll of fear
Potions
 d - a potion of haste


   Skills:
 - Level 3.0 Fighting
 + Level 3.2 Dodging
 * Level 7.1 Stealth
 + Level 2.3 Unarmed Combat
 + Level 1.0 Shapeshifting


You had 2 spell levels left.
You didn't know any spells.
Your spell library was empty.

Dungeon Overview and Level Annotations

Branches:
Dungeon (5/15)
 Temple: D:4-7

Altars:
Trog

Shops:
D:5 !


Innate Abilities, Weirdness & Mutations

You have sharp claws.
You have razor-sharp teeth.
You have supernaturally acute eyesight. (SInv)
You cover ground quickly. (Speed+)
You are covered in fur. (AC +1)
Your paws help you pounce on unaware monsters.
You are incapable of wielding weapons or throwing items.
You cannot wear armour.
You gain extra lives every three experience levels.


Message History

Your Shapeshifting skill increases to level 1!
You have reached level 2!
You have reached level 3!
Your experience leads to an increase in your attributes!
Increase (S)trength, (I)ntelligence, or (D)exterity?
You feel stronger. x2
You see here a hound corpse.
A jelly comes into view.
The jelly misses you.
You scratch the jelly.
Your paws burn!
You bite the jelly.
The jelly is moderately wounded.
The jelly barely misses you.
You scratch the jelly. The acid corrodes you!
Your paws burn!
You bite the jelly, but do no damage.
The jelly is severely wounded.
The jelly closely misses you.
You scratch the jelly.
Your paws burn!
The jelly is severely wounded.
The jelly hits you.
You are splashed with acid!
You die...
You rejoin the land of the living...
Found a bloodstained altar of Trog.
Unknown command.
Found an escape hatch in the ceiling.
No target in view!
An ogre comes into view. It is wielding a +0 giant club.
The ogre shouts!
You scratch the ogre.
The ogre is lightly wounded.
The ogre closely misses you.
You closely miss the ogre.
The ogre is lightly wounded.
You barely miss the ogre.
The ogre is lightly wounded.
The ogre barely misses you.
You scratch the ogre but do no damage.
The ogre is lightly wounded.
The ogre hits you with a +0 giant club!!
Ouch! That really hurt!
You die...

. #.... #.#
..##... #.##
...._. ...
##...##.#
#.....#.#
#...## ##...#
.......#.#
.......#@#
##..#...!O...#
#.......#####
#..#.##..
#.... ... ###
# #.... #..#
#.. #.. ....
#.### ### ##.#
#.... #.#..


You could see an ogre.

Vanquished Creatures
  A hound (D:5)
1 creature vanquished.

Notes
Turn   | Place    | Note
-------+----------+-------------------------------------------
     0 | D:5      | Descartes the Felid Delver began the quest for the Orb.
     0 | D:5      | Reached XP level 1. HP: 10/10 MP: 2/2
    17 | D:5      | Noticed a black bear
    17 | D:5      | Noticed a hound
    53 | D:5      | Found Utric's Distillery.
    65 | D:5      | Noticed a hound
    71 | D:5      | Killed a hound
    72 | D:5      | Reached skill level 7 in Stealth
    72 | D:5      | Reached skill level 1 in Shapeshifting
    72 | D:5      | Reached XP level 2. HP: 14/14 MP: 3/3
    72 | D:5      | Reached XP level 3. HP: 17/17 MP: 4/4
    92 | D:5      | Splashed by a jelly's acid
    93 | D:5      | Found a bloodstained altar of Trog.
    97 | D:5      | Noticed an ogre
   101 | D:5      | Demolished by an ogre

Illustrated notes

Levels and vault maps discovered:
D:5:      layout_loops_cross, mainiacjoe_overflow_small_starburst, slow_altar_1,
          serial_shops, nicolae_shop_tiny_glass

Skill      XL: |  1 |
---------------+----+-----
Dodging        | 3 |  3.2
Stealth        | 7 |  7.1
Shapeshifting  | 1 |  1.0
Fighting       | |  3.0
Unarmed Combat | |  2.3

Action                     || total
---------------------------++-------
  Melee: Unarmed           ||     8
         Bite              ||     2
   Stab: Sleeping          ||     1
  Dodge: Dodged            ||     5

Table legend: (Time is in decaauts)
 A = Elapsed time spent in this place.
 B = Non-inter-level travel time spent in this place.
 C = Inter-level travel time spent in this place.
 D = Time resting spent in this place.
 E = Time spent auto-exploring this place.
 F = Levels seen in this place.
 G = Mean time per level.
                   A        B        C        D        E       F      G
               +--------+--------+--------+--------+--------+-----+--------+
         Total |     82 |     82 |      0 |      0 |     15 |   1 |   82.0 |
       Dungeon |     82 |     82 |      0 |      0 |     15 |   1 |   82.0 |
               +--------+--------+--------+--------+--------+-----+--------+

Top non-repeatable levels by time:
     D:5: 82 daAuts
